 Dungeon Crawl Stone Soup version 0.21-a0-615-g8e08f28 (webtiles) character file.

1912 Dordric the Basher (level 8, -6/96 HPs)
             Began as a Minotaur Berserker on Dec 22, 2017.
             Was an Elder of Trog.
             Mangled by an orc warrior
             ... wielding a +0 halberd
              (12 damage)
             ... on level 6 of the Dungeon.
             The game lasted 00:09:57 (6067 turns).

Dordric the Basher (Minotaur Berserker)             Turns: 6067, Time: 00:09:59

Health: -6/96      AC: 14    Str: 27    XL:     8   Next: 95%
Magic:  7/7        EV:  8    Int:  4    God:    Trog [****..]
Gold:   223        SH:  0    Dex: 12    Spells: 7/7 levels left

rFire    . . .     SeeInvis .   w - +2 whip (venom)
rCold    + . .     Gourm    .   (no shield)
rNeg     . . .     Faith    .   D - +1 plate armour
rPois    .         Spirit   .   (helmet restricted)
rElec    .         Reflect  .   C - +0 cloak
rCorr    .         Harm     .   (no gloves)
MR       .....                  (no boots)
Stlth    ..........             (no amulet)
HPRegen  0.26/turn              r - ring of protection from cold
MPRegen  0.10/turn              v - +1 ring of protection

@: berserking, starving, very quick
A: retaliatory headbutt, horns 2
a: Berserk, Trog's Hand, Brothers in Arms, Burn Spellbooks, Renounce Religion


You were on level 6 of the Dungeon.
You worshipped Trog.
Trog was greatly pleased with you.
You were starving.

You visited 1 branch of the dungeon, and saw 6 of its levels.

You collected 223 gold pieces.

Inventory:

Hand Weapons
 a - a +0 mace
 w - a +2 whip of venom (weapon)
Armour
 y - a +0 ring mail of poison resistance
 C - a +0 cloak (worn)
 D - a +1 plate armour (worn)
Jewellery
 r - a ring of protection from cold (left hand)
 v - a +1 ring of protection (right hand)
 x - an uncursed ring of magical power
Scrolls
 b - a scroll of fog {unknown}
 d - 6 scrolls of remove curse
 e - 3 scrolls of teleportation
 g - 2 scrolls of magic mapping
 h - 4 scrolls of identify
 o - 2 scrolls of immolation
 p - a scroll of fear
Potions
 f - a potion of flight {unknown}
 i - 2 potions of cancellation {unknown}
 j - a potion of might {unknown}
 k - 4 potions of curing {unknown}
 l - 5 potions of lignification {unknown}
 m - a potion of agility {unknown}
 n - 2 potions of brilliance {unknown}
 q - a potion of heal wounds {unknown}
 s - a potion of resistance {unknown}
 t - a potion of degeneration {unknown}
 z - 2 potions of haste {unknown}
 B - a potion of berserk rage {unknown}
Comestibles
 c - 12 rations


   Skills:
 - Level 3.6 Fighting
 + Level 13.7 Maces & Flails
 - Level 2.4 Armour
 - Level 2.1 Dodging


You had 7 spell levels left.
You didn't know any spells.

Dungeon Overview and Level Annotations

Branches:
Dungeon (6/15)
 Temple: D:4-7

Altars:
Ashenzari
Gozag
Nemelex Xobeh
Vehumet
Yredelemnul
Zin
The Shining One

Shops:
D:5 (


Innate Abilities, Weirdness & Mutations

You reflexively headbutt those who attack you in melee.
You have a pair of horns on your head.


Message History

* * * LOW HITPOINT WARNING * * *
You whack the ice beast!
The ice beast looks as sick as possible!
Your headbutt misses the ice beast.
The ice beast is severely wounded.
The ice beast hits you.
* * * LOW HITPOINT WARNING * * *
The ice beast freezes you. You resist.
* * * LOW HITPOINT WARNING * * *
The orc warrior closely misses you.
A red film seems to cover your vision as you go berserk!
You feel yourself moving faster!
You feel mighty!
You are starving!
The ice beast hits you but does no damage.
The orc warrior hits you but does no damage.
You closely miss the ice beast. You headbutt the ice beast.
You kill the ice beast!
Trog accepts your kill.
The orc warrior hits you with a halberd!
You die...

##.....##...#......##...##.#
#)......#...##.....##.#.##'#
#.......'...##......#.#.....
#.......#...####......#.....
##.....##...# ######<......
##...###...# #.$.###.......
##### #...##.....##.......
#...#!......#.......
#..@o†..$...#..#....
#...#?....[.#..#....
#...##.....##..#.... .....#
#?..###..#....
###############..#....
#..............##...
#.############...... #.#
#####># #.# #.#


You could see an orc warrior.

Vanquished Creatures
  A manticore (D:6)
  An ice beast (D:6)
  A black bear (D:6)
  A sky beast (D:5)
  2 orc warriors (D:6)
  A centaur (D:5)
  A bullfrog (D:6)
  A scorpion (D:5)
  A howler monkey (D:4)
  2 crimson imps (D:5)
  4 hounds
  3 orc priests (D:5)
  5 orc wizards
  2 centaur skeletons (D:4)
  5 iguanas
  2 worker ants
  A hound skeleton (D:4)
  4 gnolls
  7 adders
  2 oozes
  2 worms (D:2)
  2 dart slugs
  7 leopard geckos
  22 orcs
  8 giant cockroaches
  6 goblins
  5 hobgoblins
  8 jackals
  4 kobolds
  A quokka (D:2)
  3 ball pythons
  5 bats
  4 frilled lizards
  A jackal skeleton (D:5)
  A leopard gecko skeleton (D:4)
  A rat (D:3)
127 creatures vanquished.

Notes
Turn   | Place    | Note
-------+----------+-------------------------------------------
     0 | D:1      | Dordric the Minotaur Berserker began the quest for the Orb.
     0 | D:1      | Reached XP level 1. HP: 19/19 MP: 0/0
   118 | D:1      | Reached skill level 4 in Maces & Flails
   200 | D:1      | Reached XP level 2. HP: 26/26 MP: 1/1
   238 | D:1      | Found a glowing golden altar of the Shining One.
   546 | D:2      | Reached skill level 5 in Maces & Flails
   546 | D:2      | Reached XP level 3. HP: 31/31 MP: 2/2
   648 | D:2      | Reached ** piety under Trog
   648 | D:2      | Reached skill level 6 in Maces & Flails
   648 | D:2      | Reached XP level 4. HP: 12/39 MP: 3/3
  2553 | D:3      | Found a basalt altar of Yredelemnul.
  2897 | D:3      | Reached skill level 7 in Maces & Flails
  2897 | D:3      | Reached XP level 5. HP: 45/45 MP: 4/4
  3142 | D:4      | Found a glowing silver altar of Zin.
  3165 | D:4      | Reached skill level 8 in Maces & Flails
  3276 | D:4      | Reached XP level 6. HP: 36/51 MP: 5/5
  3571 | D:4      | Reached skill level 9 in Maces & Flails
  3814 | D:4      | Reached *** piety under Trog
  3981 | D:5      | Entered Level 5 of the Dungeon
  3999 | D:5      | Found an opulent altar of Gozag.
  4003 | D:5      | Found a radiant altar of Vehumet.
  4003 | D:5      | Found a shattered altar of Ashenzari.
  4042 | D:5      | Reached XP level 7. HP: 50/57 MP: 6/6
  4265 | D:5      | Reached skill level 10 in Maces & Flails
  4360 | D:5      | Found a sparkling altar of Nemelex Xobeh.
  4832 | D:5      | Found Muenuo's Weapon Emporium.
  4929 | D:5      | Reached skill level 11 in Maces & Flails
  4994 | D:5      | Reached XP level 8. HP: 55/64 MP: 7/7
  5378 | D:6      | Reached skill level 12 in Maces & Flails
  5498 | D:6      | Reached **** piety under Trog
  5927 | D:6      | Noticed a manticore
  5937 | D:6      | Killed a manticore
  5937 | D:6      | Reached skill level 13 in Maces & Flails
  6067 | D:6      | Mangled by an orc warrior

Vault maps used:
D:1:      kennysheep_arrival_seaside, tso_altar
D:3:      lemuel_crystal_altar, fountainhead, minmay_large_rounded_square
D:4:      kennysheep_mini_moat, cheibrodos_gnoll_hut
D:5:      nicolae_overflow_quartered_altars, first_ration, serial_shops, shop
D:6:      minmay_opposing_rooms, cheibrodos_ashenzari_chains

Skill      XL: |  1  2  3  4  5  6  7  8 |
---------------+-------------------------+-----
Maces & Flails | 4 5 6 7 8 9 11 13 | 13.7
Fighting       | |  3.6
Armour         | |  2.4
Dodging        | |  2.1

Action                   |  1- 3 |  4- 6 |  7- 9 || total
-------------------------+-------+-------+-------++-------
Melee: Mace              |    36 |    62 |       ||    98
       Headbutt          |     8 |    26 |    36 ||    70
       Whip              |       |    94 |   160 ||   254
Invok: Trog's Hand       |       |       |     1 ||     1
       Berserk           |       |       |     2 ||     2
  Use: Scroll            |       |       |     9 ||     9
  Eat: Chunk             |       |    10 |     6 ||    16
Armor: Animal skin       |     6 |     6 |       ||    12
       Chain mail        |       |    38 |    15 ||    53
       Plate armour      |       |       |    53 ||    53
Dodge: Dodged            |    18 |    80 |    45 ||   143

Table legend:
 A = Spawn XP
 B = Non-spawn XP
 C = Spawn XP percentage of total XP
 D = Spawn monster count
 E = Non-spawn monster count
 F = Spawn count percentage of total count
 G = Total turns spent on level
                    A         B        C        D         E        F      G
               +---------+---------+-------+---------+---------+-------+---------
         Total |       0 |    2732 |   0.0 |       0 |     127 |   0.0 |  6067
               +---------+---------+-------+---------+---------+-------+---------
           D:1 |       0 |      33 |   0.0 |       0 |      16 |   0.0 |   541
           D:2 |       0 |     137 |   0.0 |       0 |      30 |   0.0 |  1899
           D:3 |       0 |      36 |   0.0 |       0 |      11 |   0.0 |   573
           D:4 |       0 |     479 |   0.0 |       0 |      25 |   0.0 |  1301
           D:5 |       0 |     764 |   0.0 |       0 |      23 |   0.0 |   807
           D:6 |       0 |    1283 |   0.0 |       0 |      22 |   0.0 |   946
               +---------+---------+-------+---------+---------+-------+---------
